Wild vs Oilers
(R1)
Created - 2 juin 2013 at 19:05
Goals
|
| Wild |
0 |
1 |
0 |
1 |
| Oilers |
0 |
0 |
2 |
2 |
|
Shots
|
| Wild |
14 |
12 |
1 |
27 |
| Oilers |
11 |
4 |
9 |
24 |
|
1st period
No Goal
Penalties :
Erik Rasmussen (Edm) for Interference (Minor) at 1:05, Jiri Slegr (Edm) for Cross-checking (Minor) at 4:55, Vaclav Prospal (Min) for Tripping (Minor) at 10:17, Patrick Kaleta (Edm) for Cross-checking (Minor) at 12:40, Jiri Slegr (Edm) for Hooking (Minor) at 13:40, Brian Rolston (Min) for Tripping (Minor) at 15:59
2nd period
1. Wild , Mark Recchi 11 (Chris Drury) at 1:49
Penalties :
Joe Pavelski (Edm) for Roughing (Minor) at 2:26, Anson Carter (Min) for Hooking (Minor) at 2:26, Marty Reasoner (Edm) for Hooking (Minor) at 4:36, Ian White (Edm) for Hooking (Minor) at 6:49, Ilya Kovalchuk (Edm) for Tripping (Minor) at 16:01, Brian Rolston (Min) for Hooking (Minor) at 18:01
3rd period
2. Oilers , Pavel Datsyuk 6 (Ilya Kovalchuk) at 0:17
3. Oilers , Patrick Kaleta 1 (Pierre-Marc Bouchard) at 16:45
Penalties :
Bret Hedican (Min) for Slashing (Minor) at 2:51, Danil Markov (Min) for Hooking (Minor) at 5:13, Vaclav Prospal (Min) for Interference (Minor) at 8:49, Pierre-Marc Bouchard (Edm) for Cross-checking (Minor) at 16:55
Goalie Stats
Martin Brodeur (Min), 22 saves from 24 shots - (0,917), L, 7-4-0, 60:00 minutes
Cam Ward (Edm), 26 saves from 27 shots - (0,963), W, 5-3-1, 60:00 minutes
Players Stats for Wild
Player Name G A P +/- PIM S H SB GA TA FO MP PP MP PK MP
------------------------------------------------------------------------------------
Adam Deadmarsh 0 0 0 0 0 1 1 0 0 0 0/0 12:51 7:00 0:00
Anson Carter 0 0 0 0 2 3 0 0 1 0 0/1 7:45 0:09 0:00
Bret Hedican 0 0 0 0 2 0 1 1 0 0 0/0 21:01 8:14 1:16
Brian Rolston 0 0 0 -2 4 2 2 0 0 0 0/1 9:04 0:00 0:00
Chris Drury 0 1 1 0 0 1 2 0 1 0 11/20 24:17 7:53 6:50
Chris Higgins 0 0 0 -1 0 0 2 0 0 0 1/2 11:02 0:13 1:30
Danil Markov 0 0 0 -1 2 1 0 1 0 0 0/0 17:59 0:25 5:58
Fedor Tyutin 0 0 0 0 0 0 0 0 0 1 0/0 20:29 6:39 4:40
Fredrik Modin 0 0 0 0 0 2 0 0 0 0 0/0 5:58 0:00 0:00
Jozef Stumpel 0 0 0 0 0 3 0 0 0 0 1/3 21:04 7:40 3:45
Mark Recchi 1 0 1 0 0 3 1 3 2 0 9/16 24:01 7:44 6:39
Mike Ricci 0 0 0 0 0 1 3 0 0 0 1/1 6:19 0:00 0:19
Nathan Dempsey 0 0 0 -1 0 5 1 1 0 0 0/0 29:09 7:49 7:14
Niclas Wallin 0 0 0 0 0 0 1 1 0 1 0/0 15:38 6:39 0:00
R.J. Umberger 0 0 0 1 0 0 0 0 0 0 1/1 14:38 7:00 0:00
Rod Brind'Amour 0 0 0 -1 0 1 1 0 0 0 4/6 10:44 0:00 2:26
Shane Hnidy 0 0 0 0 0 0 2 1 0 0 0/0 15:43 0:00 4:40
Vaclav Prospal 0 0 0 0 4 4 3 0 1 0 7/10 18:18 7:00 2:19
Players Stats for Oilers
Player Name G A P +/- PIM S H SB GA TA FO MP PP MP PK MP
------------------------------------------------------------------------------------
Erik Rasmussen 0 0 0 0 2 1 2 1 0 1 4/9 11:40 0:00 5:27
Ian White 0 0 0 1 2 1 1 2 0 0 0/0 21:12 6:01 1:55
Ilya Kovalchuk 0 1 1 0 2 4 1 0 0 0 0/1 23:35 6:02 6:16
Jiri Slegr 0 0 0 0 4 1 0 0 0 0 0/0 23:20 5:53 5:15
Joe Callahan 0 0 0 1 0 1 2 0 0 1 0/0 15:33 5:53 1:21
Joe Pavelski 0 0 0 0 2 3 1 0 0 0 1/1 13:55 5:50 0:00
Jonathan Toews 0 0 0 0 0 0 0 2 0 0 5/11 14:05 5:50 0:10
Mark Fistric 0 0 0 0 0 0 1 1 1 1 0/0 15:45 0:00 6:45
Martin Lapointe 0 0 0 0 0 0 2 0 0 0 0/0 6:05 0:02 0:00
Marty Reasoner 0 0 0 0 2 0 2 0 0 0 1/2 7:55 0:00 2:06
Pascal Dupuis 0 0 0 -1 0 0 1 0 0 0 0/1 9:37 0:02 0:00
Patrick Kaleta 1 0 1 1 2 1 1 0 0 0 0/0 7:23 0:00 0:11
Patrick Marleau 0 0 0 0 0 1 2 0 0 0 0/0 14:40 5:50 0:44
Pavel Datsyuk 1 0 1 0 0 4 4 0 0 0 11/29 25:03 6:02 7:41
Pierre-Marc Bouchard 0 1 1 2 2 1 0 0 0 0 2/5 13:20 6:02 0:00
Rob Scuderi 0 0 0 0 0 1 3 2 1 2 0/0 17:04 0:00 6:55
Steve Begin 0 0 0 1 0 3 3 0 0 0 2/2 14:38 0:02 6:12
Steve Montador 0 0 0 0 0 2 2 4 0 0 0/0 27:10 6:01 7:34
3 Stars
1 - Cam Ward (Edm)
2 - Pavel Datsyuk (Edm)
3 - Mark Recchi (Min)
Power Play
Wild - 0 on 8 Attempt(s) - 0,00%
Oilers - 0 on 6 Attempt(s) - 0,00%
Penalty Kill
Wild - 6 on 6 Attempt(s) - 100,00%
- Score 0 goal in Penalty Kill
Oilers - 8 on 8 Attempt(s) - 100,00%
- Score 0 goal in Penalty Kill
Official
Referees : McCauley Wes and Rehman Kyle
Linesman : Jonny Murray and Thor Nelson
Game Notes
2:57 of 3rd period - Oilers goal is going for a video replay. After video review, No Goal. The puck has been directed, batted or thrown into the net by an attacking player other than with a stick.
Finance
Level 1 -- Attendance: 5572 (92,87%) -- Ticket Income 546 056 $
Level 2 -- Attendance: 4691 (93,82%) -- Ticket Income 276 769 $
Level 3 -- Attendance: 1830 (91,50%) -- Ticket Income 69 540 $
Level 4 -- Attendance: 3932 (98,30%) -- Ticket Income 90 436 $
Luxury Box -- Attendance: 959 (95,90%) -- Ticket Income 182 210 $
Game was played at the Rexall Place
Total Attendance: 16984 (94,36%)
Total Ticket Income: 1 165 011 $
Other Income: 58 251 $
Total Income: 1 223 262 $
Wild
5 vs 5 Forward
Center Left Wing Right Wing Time % Phy DF OF
1 Chris Drury R.J. Umberger Mark Recchi 40 1 0 4
2 Vaclav Prospal Jozef Stumpel Anson Carter 30 0 1 4
3 Rod Brind'Amour Chris Higgins Brian Rolston 20 1 1 3
4 Mike Ricci Fredrik Modin Adam Deadmarsh 10 2 2 1
5 vs 5 Defense
Defense Defense Time % Phy DF OF
1 Shane Hnidy Nathan Dempsey 40 1 3 1
2 Fedor Tyutin Bret Hedican 30 1 3 1
3 Niclas Wallin Danil Markov 20 1 3 1
4 Shane Hnidy Bret Hedican 10 1 3 1
PowerPlay Forward
Center Left Wing Right Wing Time % Phy DF OF
1 Chris Drury Jozef Stumpel Mark Recchi 60 0 1 4
2 Vaclav Prospal R.J. Umberger Adam Deadmarsh 40 0 1 4
PowerPlay Defense
Defense Defense Time % Phy DF OF
1 Bret Hedican Nathan Dempsey 60 0 2 3
2 Fedor Tyutin Niclas Wallin 40 0 2 3
Penalty Kill 4 Players Forward
Center Wing Time % Phy DF OF
1 Mark Recchi Chris Drury 60 1 3 1
2 Jozef Stumpel Vaclav Prospal 40 1 3 1
Penalty Kill 4 Players Defense
Defense Defense Time % Phy DF OF
1 Danil Markov Nathan Dempsey 60 2 3 0
2 Fedor Tyutin Shane Hnidy 40 2 3 0
Penalty Kill - 3 Players Forward
Forward Time % Phy DF OF
1 Mark Recchi 60 1 4 0
2 Chris Drury 40 1 4 0
Penalty Kill - 3 Players Defense
Defense Defense Time % Phy DF OF
1 Danil Markov Nathan Dempsey 60 2 3 0
2 Fedor Tyutin Shane Hnidy 40 2 3 0
4 vs 4 Forward
Center Wing Time % Phy DF OF
1 Mark Recchi Chris Drury 60 1 1 3
2 Jozef Stumpel Vaclav Prospal 40 1 1 3
4 vs 4 Defense
Defense Defense Time % Phy DF OF
1 Bret Hedican Danil Markov 60 1 3 1
2 Fedor Tyutin Nathan Dempsey 40 1 3 1
Last Minutes Offensive
Center Left Wing Right Wing Defense Defense
Chris Drury Jozef Stumpel Mark Recchi Bret Hedican Nathan Dempsey
Last Minutes Defensive
Center Left Wing Right Wing Defense Defense
Rod Brind'Amour Mike Ricci Brian Rolston Danil Markov Shane Hnidy
Goaltenders
Starting : Martin Brodeur
Backup : Jamie Storr
Extra Forwards
Normal : Chris Drury, Mark Recchi, Jozef Stumpel - PP : Chris Drury, Mark Recchi - PK : Rod Brind'Amour
Extra Defensemen
Normal : Bret Hedican, Nathan Dempsey, Fedor Tyutin - PP : Bret Hedican - PK : Nathan Dempsey, Danil Markov
Penalty Shots
Mark Recchi, Chris Drury, Jozef Stumpel, Vaclav Prospal, Mike Ricci
Oilers
5 vs 5 Forward
Center Left Wing Right Wing Time % Phy DF OF
1 Pavel Datsyuk Ilya Kovalchuk Pascal Dupuis 40 0 1 4
2 Jonathan Toews Patrick Marleau Joe Pavelski 30 1 1 3
3 Pierre-Marc Bouchard Steve Begin Patrick Kaleta 20 1 2 2
4 Erik Rasmussen Marty Reasoner Martin Lapointe 10 1 3 1
5 vs 5 Defense
Defense Defense Time % Phy DF OF
1 Ian White Steve Montador 37 1 2 2
2 Jiri Slegr Rob Scuderi 31 1 2 2
3 Joe Callahan Mark Fistric 27 1 2 2
4 Ian White Steve Montador 5 0 2 3
PowerPlay Forward
Center Left Wing Right Wing Time % Phy DF OF
1 Pavel Datsyuk Ilya Kovalchuk Pierre-Marc Bouchard 60 1 1 3
2 Jonathan Toews Patrick Marleau Joe Pavelski 40 1 1 3
PowerPlay Defense
Defense Defense Time % Phy DF OF
1 Ian White Steve Montador 50 0 2 3
2 Jiri Slegr Joe Callahan 50 0 2 3
Penalty Kill 4 Players Forward
Center Wing Time % Phy DF OF
1 Erik Rasmussen Steve Begin 50 1 3 1
2 Pavel Datsyuk Ilya Kovalchuk 50 1 3 1
Penalty Kill 4 Players Defense
Defense Defense Time % Phy DF OF
1 Steve Montador Rob Scuderi 50 1 3 1
2 Jiri Slegr Mark Fistric 50 1 3 1
Penalty Kill - 3 Players Forward
Forward Time % Phy DF OF
1 Pavel Datsyuk 50 1 3 1
2 Ilya Kovalchuk 50 1 3 1
Penalty Kill - 3 Players Defense
Defense Defense Time % Phy DF OF
1 Steve Montador Ian White 50 1 4 0
2 Jiri Slegr Joe Callahan 50 1 4 0
4 vs 4 Forward
Center Wing Time % Phy DF OF
1 Pavel Datsyuk Ilya Kovalchuk 60 1 1 3
2 Patrick Marleau Joe Pavelski 40 1 1 3
4 vs 4 Defense
Defense Defense Time % Phy DF OF
1 Ian White Steve Montador 50 1 2 2
2 Jiri Slegr Rob Scuderi 50 1 2 2
Last Minutes Offensive
Center Left Wing Right Wing Defense Defense
Pavel Datsyuk Ilya Kovalchuk Joe Pavelski Jiri Slegr Ian White
Last Minutes Defensive
Center Left Wing Right Wing Defense Defense
Pavel Datsyuk Ilya Kovalchuk Joe Pavelski Jiri Slegr Steve Montador
Goaltenders
Starting : Cam Ward
Backup : Thomas Greiss
Extra Forwards
Normal : Joe Pavelski, Ilya Kovalchuk, Pavel Datsyuk - PP : Pascal Dupuis, Steve Begin - PK : Marty Reasoner
Extra Defensemen
Normal : Jiri Slegr, Steve Montador, Ian White - PP : Joe Callahan - PK : Ian White, Joe Callahan
Penalty Shots
Ilya Kovalchuk, Pavel Datsyuk, Patrick Marleau, Joe Pavelski, Pierre-Marc Bouchard
% Time on Ice - Wild
Lines # - Real PCT - Wanted PCT - Time Play
Normal Forward
1 - 25% - 40% - 7:36
2 - 29% - 30% - 8:40
3 - 27% - 20% - 8:18
4 - 19% - 10% - 5:42
Normal Defense
1 - 39% - 40% - 11:43
2 - 30% - 30% - 9:08
3 - 24% - 20% - 7:19
4 - 7% - 10% - 2:06
PP Forward
1 - 53% - 60% - 7:53
2 - 47% - 40% - 7:00
PP Defense
1 - 55% - 60% - 8:14
2 - 45% - 40% - 6:39
PK Forward
1 - 68% - 60% - 8:09
2 - 32% - 40% - 3:45
PK Defense
1 - 61% - 60% - 7:14
2 - 39% - 40% - 4:40
PK3 Forward
1 - 0% - 60%
2 - 0% - 40%
PK3 Defense
1 - 0% - 60%
2 - 0% - 40%
44 Forward
1 - 82% - 60% - 1:38
2 - 18% - 40% - 0:21
44 Defense
1 - 69% - 60% - 1:22
2 - 31% - 40% - 0:37
Last Minute Offensive - 0:58
Last Minute Defensive - 0:00
Total
Forward - 60:00
Defense - 60:00
|
% Time on Ice - Oilers
Lines # - Real PCT - Wanted PCT - Time Play
Normal Forward
1 - 34% - 40% - 10:23
2 - 24% - 30% - 7:13
3 - 24% - 20% - 7:13
4 - 18% - 10% - 5:30
Normal Defense
1 - 38% - 37% - 11:37
2 - 35% - 31% - 10:38
3 - 27% - 27% - 8:04
4 - 0% - 5% - 0:00
PP Forward
1 - 51% - 60% - 6:04
2 - 49% - 40% - 5:50
PP Defense
1 - 51% - 50% - 6:01
2 - 49% - 50% - 5:53
PK Forward
1 - 48% - 50% - 6:42
2 - 52% - 50% - 7:12
PK Defense
1 - 50% - 50% - 6:55
2 - 50% - 50% - 6:59
PK3 Forward
1 - 56% - 50% - 0:33
2 - 44% - 50% - 0:26
PK3 Defense
1 - 66% - 50% - 0:39
2 - 34% - 50% - 0:20
44 Forward
1 - 96% - 60% - 1:54
2 - 4% - 40% - 0:05
44 Defense
1 - 59% - 50% - 1:10
2 - 41% - 50% - 0:49
Last Minute Offensive - 0:00
Last Minute Defensive - 0:55
Total
Forward - 60:00
Defense - 60:00
|
Play by Play
1st period
0:01 of 1st period - Chris Drury wins face-off versus Pavel Datsyuk in neutral zone.
0:30 of 1st period - Snap shot by Anson Carter.
0:30 of 1st period - Stopped by Cam Ward with a rebound.
0:32 of 1st period - Snap shot by Nathan Dempsey.
0:32 of 1st period - Stopped by Cam Ward without a rebound.
0:33 of 1st period - Rod Brind'Amour wins face-off versus Pierre-Marc Bouchard in Oilers zone.
0:34 of 1st period - Snap shot by Brian Rolston.
0:34 of 1st period - Shot Blocked by Rob Scuderi.
0:47 of 1st period - Slapshot by Steve Begin.
0:47 of 1st period - Deflect By Brian Rolston.
0:47 of 1st period - Stopped by Martin Brodeur without a rebound.
0:48 of 1st period - Mike Ricci wins face-off versus Erik Rasmussen in Wild zone.
0:48 of 1st period - Mike Ricci is hit by Martin Lapointe.
1:05 of 1st period - Minor Penalty to Erik Rasmussen for Interference.
1:06 of 1st period - Chris Drury wins face-off versus Marty Reasoner in Oilers zone.
1:21 of 1st period - Wrist shot by Chris Drury.
1:21 of 1st period - Shot Blocked by Rob Scuderi.
1:31 of 1st period - Steve Montador is hit by Vaclav Prospal and loses puck.
1:52 of 1st period - Snap shot by Steve Begin.
1:52 of 1st period - Shot Misses the Net.
1:56 of 1st period - Snap shot by Steve Begin.
1:56 of 1st period - Shot Hit the Post.
1:58 of 1st period - Slapshot by Rob Scuderi.
1:58 of 1st period - Stopped by Martin Brodeur without a rebound.
1:59 of 1st period - Marty Reasoner wins face-off versus Vaclav Prospal in Wild zone.
2:00 of 1st period - Snap shot by Steve Begin.
2:00 of 1st period - Stopped by Martin Brodeur with a rebound.
2:24 of 1st period - Chris Drury is hit by Ilya Kovalchuk and loses puck.
3:05 of 1st period - Penalty to Erik Rasmussen is over, Erik Rasmussen is back on ice.
3:07 of 1st period - Niclas Wallin is hit by Steve Begin and loses puck.
3:16 of 1st period - Snap shot by Erik Rasmussen.
3:16 of 1st period - Shot Blocked by Niclas Wallin.
3:18 of 1st period - Wrist shot by Steve Begin.
3:18 of 1st period - Stopped by Martin Brodeur without a rebound.
3:19 of 1st period - Jonathan Toews wins face-off versus Rod Brind'Amour in Wild zone.
4:08 of 1st period - Bret Hedican is hit by Marty Reasoner and loses puck.
4:29 of 1st period - Danil Markov is hit by Steve Begin and loses puck.
4:44 of 1st period - Slapshot by Vaclav Prospal.
4:44 of 1st period - Stopped by Cam Ward with a rebound.
4:46 of 1st period - Wrist shot by Vaclav Prospal.
4:46 of 1st period - Stopped by Cam Ward with a rebound.
4:48 of 1st period - Snap shot by Vaclav Prospal.
4:48 of 1st period - Stopped by Cam Ward with a rebound.
4:55 of 1st period - Minor Penalty to Jiri Slegr for Cross-checking.
4:56 of 1st period - Jozef Stumpel wins face-off versus Erik Rasmussen in Oilers zone.
5:07 of 1st period - Slapshot by Mark Recchi.
5:07 of 1st period - Shot Blocked by Steve Montador.
5:09 of 1st period - Snap shot by Mark Recchi.
5:09 of 1st period - Shot Misses the Net.
6:52 of 1st period - Niclas Wallin is hit by Rob Scuderi and loses puck.
6:55 of 1st period - Penalty to Jiri Slegr is over, Jiri Slegr is back on ice.
7:05 of 1st period - Nathan Dempsey is hit by Patrick Marleau and loses puck.
7:45 of 1st period - Niclas Wallin is hit by Pavel Datsyuk and loses puck.
8:03 of 1st period - Icing by Ian White.
8:04 of 1st period - Chris Higgins wins face-off versus Jonathan Toews in Oilers zone.
8:21 of 1st period - Joe Callahan is hit by Brian Rolston and loses puck.
8:58 of 1st period - Snap shot by Mike Ricci.
8:58 of 1st period - Shot Misses the Net.
9:10 of 1st period - Nathan Dempsey is hit by Erik Rasmussen and loses puck.
9:29 of 1st period - Erik Rasmussen is hit by Brian Rolston and loses puck.
9:40 of 1st period - Slapshot by Jiri Slegr.
9:40 of 1st period - Stopped by Martin Brodeur without a rebound.
9:41 of 1st period - Chris Drury wins face-off versus Pavel Datsyuk in Wild zone.
9:56 of 1st period - Slapshot by Ilya Kovalchuk.
9:56 of 1st period - Stopped by Martin Brodeur with a rebound.
10:14 of 1st period - Slapshot by Joe Pavelski.
10:14 of 1st period - Stopped by Martin Brodeur without a rebound.
10:15 of 1st period - Vaclav Prospal wins face-off versus Jonathan Toews in Wild zone.
10:17 of 1st period - Minor Penalty to Vaclav Prospal for Tripping.
10:18 of 1st period - Pavel Datsyuk wins face-off versus Mark Recchi in Wild zone.
10:21 of 1st period - Snap shot by Pavel Datsyuk.
10:21 of 1st period - Stopped by Martin Brodeur with a rebound.
10:23 of 1st period - Slapshot by Ian White.
10:23 of 1st period - Shot Blocked by Mark Recchi.
10:25 of 1st period - Slapshot by Ian White.
10:25 of 1st period - Stopped by Martin Brodeur without a rebound.
10:26 of 1st period - Mark Recchi wins face-off versus Pavel Datsyuk in Wild zone.
10:31 of 1st period - Snap shot by Chris Drury.
10:31 of 1st period - Shot Hit the Post.
11:15 of 1st period - Wrist shot by Ilya Kovalchuk.
11:15 of 1st period - Stopped by Martin Brodeur with a rebound.
11:17 of 1st period - Backhand shot by Ian White.
11:17 of 1st period - Shot Blocked by Mark Recchi.
11:25 of 1st period - Snap shot by Ilya Kovalchuk.
11:25 of 1st period - Stopped by Martin Brodeur without a rebound.
11:26 of 1st period - Jonathan Toews wins face-off versus Jozef Stumpel in Wild zone.
12:17 of 1st period - Penalty to Vaclav Prospal is over, Vaclav Prospal is back on ice.
12:29 of 1st period - Wrist shot by Erik Rasmussen.
12:29 of 1st period - Shot Misses the Net.
12:40 of 1st period - Minor Penalty to Patrick Kaleta for Cross-checking.
12:41 of 1st period - Erik Rasmussen wins face-off versus Chris Drury in Oilers zone.
12:57 of 1st period - Off-side.
12:58 of 1st period - Vaclav Prospal wins face-off versus Erik Rasmussen in neutral zone.
13:05 of 1st period - Snap shot by R.J. Umberger.
13:05 of 1st period - Deflect By Steve Begin.
13:05 of 1st period - Shot Blocked by Erik Rasmussen.
13:05 of 1st period - Puck is out of play.
13:06 of 1st period - Vaclav Prospal wins face-off versus Erik Rasmussen in Oilers zone.
13:17 of 1st period - Snap shot by Adam Deadmarsh.
13:17 of 1st period - Stopped by Cam Ward with a rebound.
13:40 of 1st period - Minor Penalty to Jiri Slegr for Hooking.
13:41 of 1st period - Chris Drury wins face-off versus Pavel Datsyuk in Oilers zone.
13:42 of 1st period - Snap shot by Mark Recchi.
13:42 of 1st period - Stopped by Cam Ward with a rebound.
13:44 of 1st period - Wrist shot by Nathan Dempsey.
13:44 of 1st period - Stopped by Cam Ward without a rebound.
13:45 of 1st period - Pavel Datsyuk wins face-off versus Chris Drury in Oilers zone.
13:45 of 1st period - Pavel Datsyuk is hit by Nathan Dempsey.
13:56 of 1st period - Snap shot by Nathan Dempsey.
13:56 of 1st period - Shot Blocked by Steve Montador.
13:58 of 1st period - Wrist shot by Chris Drury.
13:58 of 1st period - Shot Blocked by Steve Montador.
14:28 of 1st period - Snap shot by Mark Recchi.
14:28 of 1st period - Stopped by Cam Ward with a rebound.
14:30 of 1st period - Slapshot by Nathan Dempsey.
14:30 of 1st period - Stopped by Cam Ward without a rebound.
14:31 of 1st period - Pavel Datsyuk wins face-off versus Vaclav Prospal in Oilers zone.
14:40 of 1st period - Penalty to Patrick Kaleta is over, Patrick Kaleta is back on ice.
14:46 of 1st period - Adam Deadmarsh is hit by Patrick Kaleta.
15:40 of 1st period - Penalty to Jiri Slegr is over, Jiri Slegr is back on ice.
15:54 of 1st period - Wrist shot by Rod Brind'Amour.
15:54 of 1st period - Stopped by Cam Ward without a rebound.
15:55 of 1st period - Jonathan Toews wins face-off versus Rod Brind'Amour in Oilers zone.
15:59 of 1st period - Minor Penalty to Brian Rolston for Tripping.
16:00 of 1st period - Pavel Datsyuk wins face-off versus Mark Recchi in Wild zone.
16:09 of 1st period - Snap shot by Mark Recchi.
16:09 of 1st period - Shot Misses the Net.
17:59 of 1st period - Penalty to Brian Rolston is over, Brian Rolston is back on ice.
19:03 of 1st period - Snap shot by Chris Drury.
19:03 of 1st period - Stopped by Cam Ward with a rebound.
19:15 of 1st period - Icing by Bret Hedican.
19:16 of 1st period - Rod Brind'Amour wins face-off versus Pascal Dupuis in Wild zone.
19:27 of 1st period - Snap shot by Brian Rolston.
19:27 of 1st period - Stopped by Cam Ward with a rebound.
19:53 of 1st period - Snap shot by Rod Brind'Amour.
19:53 of 1st period - Shot Misses the Net.
19:55 of 1st period - Snap shot by Brian Rolston.
19:55 of 1st period - Stopped by Cam Ward with a rebound.
2nd period
0:01 of 2nd period - Pavel Datsyuk wins face-off versus Chris Drury in neutral zone.
0:08 of 2nd period - Shane Hnidy is hit by Pavel Datsyuk and loses puck.
0:25 of 2nd period - Ian White is hit by Shane Hnidy.
0:29 of 2nd period - Patrick Marleau is hit by Vaclav Prospal and loses puck.
1:33 of 2nd period - Slapshot by Vaclav Prospal.
1:33 of 2nd period - Stopped by Cam Ward without a rebound.
1:34 of 2nd period - Vaclav Prospal wins face-off versus Jonathan Toews in Oilers zone.
1:35 of 2nd period - Slapshot by Jozef Stumpel.
1:35 of 2nd period - Stopped by Cam Ward with a rebound.
1:37 of 2nd period - Snap shot by Vaclav Prospal.
1:37 of 2nd period - Shot Misses the Net.
1:39 of 2nd period - Slapshot by Nathan Dempsey.
1:39 of 2nd period - Stopped by Cam Ward with a rebound.
1:41 of 2nd period - Slapshot by Nathan Dempsey.
1:41 of 2nd period - Stopped by Cam Ward without a rebound.
1:42 of 2nd period - Vaclav Prospal wins face-off versus Jonathan Toews in Oilers zone.
1:45 of 2nd period - Slapshot by Jozef Stumpel.
1:45 of 2nd period - Stopped by Cam Ward without a rebound.
1:46 of 2nd period - Chris Drury wins face-off versus Pavel Datsyuk in Oilers zone.
1:47 of 2nd period - Slapshot by Mark Recchi.
1:47 of 2nd period - Shot Misses the Net.
1:49 of 2nd period - Snap shot by Mark Recchi.
1:49 of 2nd period - Goal by Mark Recchi - Wild : 1 - Oilers : 0.
1:50 of 2nd period - Pavel Datsyuk wins face-off versus Chris Drury in neutral zone.
2:06 of 2nd period - Wrist shot by R.J. Umberger.
2:06 of 2nd period - Shot Blocked by Ian White.
2:16 of 2nd period - Shane Hnidy is hit by Joe Pavelski and loses puck.
2:25 of 2nd period - Snap shot by Anson Carter.
2:25 of 2nd period - Shot Blocked by Jonathan Toews.
2:26 of 2nd period - Minor Penalty to Joe Pavelski for Roughing.
2:26 of 2nd period - Minor Penalty to Anson Carter for Hooking.
2:27 of 2nd period - Mark Recchi wins face-off versus Ilya Kovalchuk in Oilers zone.
2:28 of 2nd period - Wrist shot by Chris Drury.
2:28 of 2nd period - Shot Misses the Net.
2:30 of 2nd period - Wrist shot by Danil Markov.
2:30 of 2nd period - Stopped by Cam Ward without a rebound.
2:31 of 2nd period - Mark Recchi wins face-off versus Pavel Datsyuk in Oilers zone.
3:22 of 2nd period - Wrist shot by Patrick Marleau.
3:22 of 2nd period - Shot Misses the Net.
4:26 of 2nd period - Penalty to Joe Pavelski is over, Joe Pavelski is back on ice.
4:26 of 2nd period - Penalty to Anson Carter is over, Anson Carter is back on ice.
4:33 of 2nd period - Snap shot by Erik Rasmussen.
4:33 of 2nd period - Stopped by Martin Brodeur with a rebound.
4:36 of 2nd period - Minor Penalty to Marty Reasoner for Hooking.
4:37 of 2nd period - Erik Rasmussen wins face-off versus Vaclav Prospal in Oilers zone.
4:46 of 2nd period - Jiri Slegr is hit by Adam Deadmarsh and loses puck.
5:09 of 2nd period - Mark Fistric is hit by Mark Recchi and loses puck.
6:36 of 2nd period - Penalty to Marty Reasoner is over, Marty Reasoner is back on ice.
6:42 of 2nd period - Snap shot by Chris Higgins.
6:42 of 2nd period - Shot Misses the Net.
6:48 of 2nd period - Snap shot by Chris Higgins.
6:48 of 2nd period - Shot Blocked by Jonathan Toews.
6:49 of 2nd period - Minor Penalty to Ian White for Hooking.
6:50 of 2nd period - R.J. Umberger wins face-off versus Pavel Datsyuk in Oilers zone.
8:49 of 2nd period - Penalty to Ian White is over, Ian White is back on ice.
9:21 of 2nd period - Snap shot by Mike Ricci.
9:21 of 2nd period - Shot Blocked by Ian White.
9:23 of 2nd period - Wrist shot by Mike Ricci.
9:23 of 2nd period - Deflect By Anson Carter.
9:23 of 2nd period - Stopped by Cam Ward without a rebound.
9:24 of 2nd period - Rod Brind'Amour wins face-off versus Pavel Datsyuk in Oilers zone.
10:05 of 2nd period - Snap shot by Pierre-Marc Bouchard.
10:05 of 2nd period - Shot Misses the Net.
10:32 of 2nd period - Rob Scuderi is hit by Mike Ricci and loses puck.
10:53 of 2nd period - Joe Callahan is hit by Rod Brind'Amour.
11:07 of 2nd period - Snap shot by Jozef Stumpel.
11:07 of 2nd period - Shot Blocked by Mark Fistric.
11:09 of 2nd period - Wrist shot by Anson Carter.
11:09 of 2nd period - Shot Misses the Net.
11:11 of 2nd period - Snap shot by Vaclav Prospal.
11:11 of 2nd period - Shot Misses the Net.
11:43 of 2nd period - Rob Scuderi is hit by Mike Ricci and loses puck.
11:52 of 2nd period - Snap shot by Fredrik Modin.
11:52 of 2nd period - Stopped by Cam Ward with a rebound.
11:54 of 2nd period - Wrist shot by Fredrik Modin.
11:54 of 2nd period - Stopped by Cam Ward with a rebound.
11:56 of 2nd period - Snap shot by Mike Ricci.
11:56 of 2nd period - Stopped by Cam Ward with a rebound.
12:13 of 2nd period - Slapshot by Jozef Stumpel.
12:13 of 2nd period - Stopped by Cam Ward with a rebound.
12:19 of 2nd period - Rob Scuderi is hit by Vaclav Prospal and loses puck.
12:36 of 2nd period - Steve Begin is hit by Shane Hnidy.
14:25 of 2nd period - Vaclav Prospal is hit by Rob Scuderi and loses puck.
14:34 of 2nd period - Niclas Wallin is hit by Martin Lapointe and loses puck.
14:46 of 2nd period - Icing by Mark Recchi.
14:47 of 2nd period - Pierre-Marc Bouchard wins face-off versus Chris Drury in Wild zone.
14:53 of 2nd period - Off-side.
14:54 of 2nd period - Chris Drury wins face-off versus Pavel Datsyuk in neutral zone.
15:52 of 2nd period - Snap shot by Pierre-Marc Bouchard.
15:52 of 2nd period - Stopped by Martin Brodeur without a rebound.
15:53 of 2nd period - Chris Drury wins face-off versus Pavel Datsyuk in Wild zone.
16:01 of 2nd period - Minor Penalty to Ilya Kovalchuk for Tripping.
16:02 of 2nd period - Chris Drury wins face-off versus Pavel Datsyuk in Oilers zone.
16:54 of 2nd period - Chris Drury is hit by Pavel Datsyuk and loses puck.
17:11 of 2nd period - Slapshot by Steve Begin.
17:11 of 2nd period - Deflect By Erik Rasmussen.
17:11 of 2nd period - Shot Misses the Net.
17:11 of 2nd period - Puck is out of play.
17:12 of 2nd period - Vaclav Prospal wins face-off versus Erik Rasmussen in Wild zone.
18:01 of 2nd period - Penalty to Ilya Kovalchuk is over, Ilya Kovalchuk is back on ice.
18:01 of 2nd period - Minor Penalty to Brian Rolston for Hooking.
18:02 of 2nd period - Pavel Datsyuk wins face-off versus Mark Recchi in Wild zone.
18:11 of 2nd period - Wrist shot by Pavel Datsyuk.
18:11 of 2nd period - Stopped by Martin Brodeur with a rebound.
18:13 of 2nd period - Slapshot by Ilya Kovalchuk.
18:13 of 2nd period - Shot Blocked by Danil Markov.
18:15 of 2nd period - Slapshot by Joe Callahan.
18:15 of 2nd period - Stopped by Martin Brodeur without a rebound.
18:16 of 2nd period - Mark Recchi wins face-off versus Pavel Datsyuk in Wild zone.
18:47 of 2nd period - Slapshot by Patrick Marleau.
18:47 of 2nd period - Shot Misses the Net.
18:49 of 2nd period - Snap shot by Joe Callahan.
18:49 of 2nd period - Shot Misses the Net.
3rd period
0:01 of 3rd period - Penalty to Brian Rolston is over, Brian Rolston is back on ice.
0:01 of 3rd period - Mark Recchi wins face-off versus Pierre-Marc Bouchard in neutral zone.
0:03 of 3rd period - Off-side.
0:04 of 3rd period - Pavel Datsyuk wins face-off versus Mark Recchi in neutral zone.
0:17 of 3rd period - Snap shot by Pavel Datsyuk.
0:17 of 3rd period - Goal by Pavel Datsyuk - Wild : 1 - Oilers : 1.
0:18 of 3rd period - Chris Drury wins face-off versus Pavel Datsyuk in neutral zone.
0:21 of 3rd period - Ilya Kovalchuk is hit by Chris Drury and loses puck.
0:32 of 3rd period - Snap shot by Pavel Datsyuk.
0:32 of 3rd period - Shot Blocked by Shane Hnidy.
0:34 of 3rd period - Wrist shot by Steve Montador.
0:34 of 3rd period - Stopped by Martin Brodeur without a rebound.
0:35 of 3rd period - Joe Pavelski wins face-off versus Anson Carter in Wild zone.
0:59 of 3rd period - Nathan Dempsey is hit by Pavel Datsyuk and loses puck.
1:19 of 3rd period - Off-side.
1:20 of 3rd period - Pierre-Marc Bouchard wins face-off versus Chris Higgins in neutral zone.
1:40 of 3rd period - Mark Fistric is hit by Chris Higgins and loses puck.
2:21 of 3rd period - Shane Hnidy is hit by Joe Callahan and loses puck.
2:40 of 3rd period - Off-side.
2:41 of 3rd period - Chris Drury wins face-off versus Pavel Datsyuk in neutral zone.
2:44 of 3rd period - Steve Montador is hit by Chris Drury and loses puck.
2:51 of 3rd period - Minor Penalty to Bret Hedican for Slashing.
2:52 of 3rd period - Jonathan Toews wins face-off versus Mark Recchi in Wild zone.
2:55 of 3rd period - Snap shot by Patrick Marleau.
2:55 of 3rd period - Stopped by Martin Brodeur with a rebound.
2:57 of 3rd period - Snap shot by Jonathan Toews.
2:57 of 3rd period - Deflect By Joe Pavelski.
2:57 of 3rd period - Oilers goal is going for a video replay.
2:57 of 3rd period - The goal is refused. The puck has been directed, batted or thrown into the net by an attacking player other than with a stick..
2:58 of 3rd period - Mark Recchi wins face-off versus Jonathan Toews in Wild zone.
3:09 of 3rd period - Nathan Dempsey is hit by Steve Montador and loses puck.
3:28 of 3rd period - Off-side.
3:29 of 3rd period - Mark Recchi wins face-off versus Pavel Datsyuk in neutral zone.
3:49 of 3rd period - Icing by Ilya Kovalchuk.
3:50 of 3rd period - Mark Recchi wins face-off versus Pavel Datsyuk in Oilers zone.
4:16 of 3rd period - Icing by Patrick Marleau.
4:17 of 3rd period - Jonathan Toews wins face-off versus Mark Recchi in Oilers zone.
4:22 of 3rd period - Shane Hnidy is hit by Patrick Marleau and loses puck.
4:35 of 3rd period - Shane Hnidy is hit by Ian White and loses puck.
4:50 of 3rd period - Backhand shot by Steve Montador.
4:50 of 3rd period - Deflect By Joe Pavelski.
4:50 of 3rd period - Shot Misses the Net.
4:50 of 3rd period - Puck is out of play.
4:51 of 3rd period - Penalty to Bret Hedican is over, Bret Hedican is back on ice.
4:51 of 3rd period - Vaclav Prospal wins face-off versus Pavel Datsyuk in Wild zone.
5:13 of 3rd period - Minor Penalty to Danil Markov for Hooking.
5:14 of 3rd period - Pavel Datsyuk wins face-off versus Mark Recchi in Wild zone.
7:13 of 3rd period - Penalty to Danil Markov is over, Danil Markov is back on ice.
7:45 of 3rd period - Slapshot by Steve Montador.
7:45 of 3rd period - Stopped by Martin Brodeur without a rebound.
7:46 of 3rd period - Erik Rasmussen wins face-off versus Brian Rolston in Wild zone.
8:16 of 3rd period - Wrist shot by Anson Carter.
8:16 of 3rd period - Stopped by Cam Ward without a rebound.
8:17 of 3rd period - Chris Drury wins face-off versus Pavel Datsyuk in Oilers zone.
8:48 of 3rd period - Wrist shot by Pavel Datsyuk.
8:48 of 3rd period - Shot Hit the Post.
8:49 of 3rd period - Minor Penalty to Vaclav Prospal for Interference.
8:50 of 3rd period - Mark Recchi wins face-off versus Jonathan Toews in Wild zone.
9:01 of 3rd period - Mark Recchi is hit by Steve Montador and loses puck.
9:06 of 3rd period - Snap shot by Jonathan Toews.
9:06 of 3rd period - Shot Blocked by Nathan Dempsey.
9:22 of 3rd period - Wrist shot by Pavel Datsyuk.
9:22 of 3rd period - Stopped by Martin Brodeur with a rebound.
9:24 of 3rd period - Slapshot by Steve Montador.
9:24 of 3rd period - Shot Misses the Net.
10:49 of 3rd period - Penalty to Vaclav Prospal is over, Vaclav Prospal is back on ice.
12:28 of 3rd period - Chris Higgins is hit by Joe Callahan and loses puck.
13:27 of 3rd period - Brian Rolston is hit by Mark Fistric.
13:39 of 3rd period - Adam Deadmarsh is hit by Erik Rasmussen and loses puck.
14:38 of 3rd period - Fredrik Modin is hit by Marty Reasoner and loses puck.
14:57 of 3rd period - Pascal Dupuis is hit by Chris Higgins and loses puck.
15:28 of 3rd period - Shane Hnidy is hit by Steve Begin and loses puck.
16:14 of 3rd period - Marty Reasoner is hit by Mike Ricci and loses puck.
16:21 of 3rd period - Marty Reasoner is hit by Bret Hedican and loses puck.
16:32 of 3rd period - Nathan Dempsey is hit by Pascal Dupuis and loses puck.
16:45 of 3rd period - Wrist shot by Patrick Kaleta.
16:45 of 3rd period - Goal by Patrick Kaleta - Wild : 1 - Oilers : 2.
16:46 of 3rd period - Rod Brind'Amour wins face-off versus Pierre-Marc Bouchard in neutral zone.
16:55 of 3rd period - Minor Penalty to Pierre-Marc Bouchard for Cross-checking.
16:56 of 3rd period - Erik Rasmussen wins face-off versus Chris Drury in Oilers zone.
17:02 of 3rd period - Icing by Bret Hedican.
17:03 of 3rd period - Pavel Datsyuk wins face-off versus Jozef Stumpel in Wild zone.
17:16 of 3rd period - Slapshot by Bret Hedican.
17:16 of 3rd period - Shot Misses the Net.
17:18 of 3rd period - Slapshot by Bret Hedican.
17:18 of 3rd period - Deflect By Chris Drury.
17:18 of 3rd period - Shot Blocked by Steve Montador.
17:18 of 3rd period - Puck is out of play.
17:19 of 3rd period - Steve Begin wins face-off versus Chris Drury in Oilers zone.
17:34 of 3rd period - Mark Recchi is hit by Rob Scuderi and loses puck.
17:49 of 3rd period - Snap shot by Adam Deadmarsh.
17:49 of 3rd period - Shot Misses the Net.
18:31 of 3rd period - Icing by Mark Recchi.
18:32 of 3rd period - Steve Begin wins face-off versus Chris Drury in Wild zone.
18:55 of 3rd period - Penalty to Pierre-Marc Bouchard is over, Pierre-Marc Bouchard is back on ice.
18:57 of 3rd period - Jiri Slegr is hit by Niclas Wallin and loses puck.
19:22 of 3rd period - Wrist shot by Ilya Kovalchuk.
19:22 of 3rd period - Shot Blocked by Mark Recchi.
19:26 of 3rd period - Snap shot by Pavel Datsyuk.
19:26 of 3rd period - Shot Blocked by Bret Hedican.
19:28 of 3rd period - Snap shot by Ilya Kovalchuk.
19:28 of 3rd period - Stopped by Martin Brodeur without a rebound.
19:29 of 3rd period - Bob Hartley call a timeout for Wild.
19:29 of 3rd period - Pavel Datsyuk wins face-off versus Chris Drury in Wild zone.
19:34 of 3rd period - Snap shot by Ilya Kovalchuk.
19:34 of 3rd period - Shot Misses the Net.
19:40 of 3rd period - Snap shot by Joe Pavelski.
19:40 of 3rd period - Deflect By Chris Drury.
19:40 of 3rd period - Stopped by Martin Brodeur with a rebound.
19:42 of 3rd period - Snap shot by Ilya Kovalchuk.
19:42 of 3rd period - Shot Misses the Net.
Output by the SimonT Hockey Simulator (STHS) for François Prévost -- Original Page W3C XHTML 1.0 Valid